 Dungeon Crawl Stone Soup version 0.30.1-11-g7821555f0a (webtiles) character file.

Game seed: 6029964784352099203

30 Martska the Trooper (level 3, -13/29 HPs)
             Began as a Human Fighter on Dec 2, 2023.
             Mangled by an ogre
             ... wielding a +0 giant club
              (29 damage)
             ... on level 2 of the Dungeon.
             The game lasted 00:01:33 (877 turns).

Martska the Trooper (Human Fighter)                  Turns: 877, Time: 00:01:34

Health: -13/29     AC:  7    Str: 18    XL:     3   Next: 35%
Magic:  3/3        EV:  9    Int:  8    God:
Gold:   22         SH:  4    Dex: 12    Spells: 2/2 levels left

rFire   . . .        a - +0 rapier
rCold   . . .        c - +0 buckler
rNeg    . . .        b - +0 scale mail
rPois   .            (no helmet)
rElec   .            (no cloak)
rCorr   .            e - +0 pair of gloves
SInv    .            (no boots)
Will    .....        (no amulet) Stlth
                     (no ring)
HPRegen 0.24/turn    (no ring)
MPRegen 0.08/turn

%: no passive effects
@: no status effects
A: no striking features
a: no special abilities


You were on level 2 of the Dungeon.
You visited 1 branch of the dungeon, and saw 2 of its levels.

You collected 22 gold pieces.

Inventory:

Hand Weapons
 a - a +0 rapier (weapon)
Armour
 b - a +0 scale mail (worn)
 c - a +0 buckler (worn)
 e - a +0 pair of gloves (worn)
 j - the +0 ring mail of Foolhardiness {rPois}
   (You found it on level 2 of the Dungeon)

   rPois:     It protects you from poison.
Scrolls
 f - a scroll of enchant armour {unknown}
 g - a scroll of noise {unknown}
 i - 2 scrolls of acquirement {unknown}
Potions
 d - a potion of brilliance {unknown}
 h - 2 potions of degeneration {unknown}


   Skills:
 * Level 3.5 Fighting
 - Level 2.0 Short Blades
 - Level 3.0 Armour
 * Level 1.4 Dodging
 + Level 1.1 Stealth
 - Level 3.0 Shields


You had 2 spell levels left.
You didn't know any spells.
Your spell library contained the following spells:

 Spells                   Type           Power      Damage    Failure   Level
 Shock                    Conj/Air       0%         1d3       86%         1
 Swiftness                Air            0%         N/A       99%         3
 Airstrike                Air            0%         2d(0-16)  100%        4


Dungeon Overview and Level Annotations

Branches:
Dungeon (2/15)

Altars:

Shops:
D:1 [


Message History

No target in view!
No target in view!
No target in view!
No target in view!
No target in view!
No target in view!
You see here a frilled lizard corpse.
A goblin comes into view. It is wielding a +0 club.
A goblin is nearby!
The goblin barely misses you.
You hit the goblin but do no damage. The goblin hits you with a +0 club.
You barely miss the goblin. You block the goblin's attack.
The goblin hits you but does no damage.
You closely miss the goblin. You block the goblin's attack.
You closely miss the goblin. The goblin barely misses you.
You hit the goblin.
You kill the goblin!
No target in view!
No target in view!
No target in view!
No target in view!
No target in view!
No target in view!
No target in view!
No target in view!
An ogre comes into view. It is wielding a +0 giant club.
The ogre shouts!
You see here the +0 ring mail of Foolhardiness {rPois}.
j - the +0 ring mail of Foolhardiness {rPois} The ogre hits you with a +0 giant club!
You hit the ogre.
The ogre is moderately wounded.
The ogre barely misses you.
You hit the ogre.
The ogre is heavily wounded.
You hit the ogre.
The ogre is heavily wounded.
The ogre hits you with a +0 giant club!!
Ouch! That really hurt!
You die...

##..##........
..####..#........ ..
................ ...
........†...####....
###..##.....####....
.............)......
#......>...........#
#.......(..........#
...#.....@..........
# ###...O........#.
#............#
#............#
#............#
#............#
#............#
##############


You could see an ogre.

Vanquished Creatures
  3 endoplasms (D:1)
  4 goblins
  2 jackals (D:1)
  5 kobolds (D:1)
  A quokka (D:1)
  2 ball pythons (D:1)
  5 bats
  3 frilled lizards
  2 rats (D:1)
27 creatures vanquished.

Notes
Turn   | Place    | Note
-------+----------+-------------------------------------------
     0 | D:1      | Martska the Human Fighter began the quest for the Orb.
     0 | D:1      | Reached XP level 1. HP: 18/18 MP: 1/1
   194 | D:1      | Reached XP level 2. HP: 19/24 MP: 2/2
   264 | D:1      | Reached skill level 1 in Dodging
   409 | D:1      | Reached XP level 3. HP: 29/29 MP: 3/3
   433 | D:1      | Reached skill level 1 in Stealth
   495 | D:1      | Found Unysiuk's Armour Emporium.
   869 | D:2      | Noticed an ogre
   873 | D:2      | Identified the +0 ring mail of Foolhardiness {rPois}
   877 | D:2      | Mangled by an ogre

Illustrated notes

Levels and vault maps discovered:
D:1:      grunt_arrival_crossed_arrows, layout_basic, serial_shops,
          shop_fountains, st_stairs_9
D:2:      layout_rooms

Skill      XL: |  1  2  3 |
---------------+----------+-----
Dodging        | 1 |  1.4
Stealth        | 1 |  1.1
Fighting       | |  3.5
Short Blades   | |  2.0
Armour         | |  3.0
Shields        | |  3.0

Action                     || total
---------------------------++-------
  Melee: Rapier            ||   110
    Use: Potion            ||     1
 Armour: Scale mail        ||    65
  Dodge: Dodged            ||    65
  Block: Buckler           ||    27
